 Dungeon Crawl Stone Soup version 0.15.2 (webtiles) character file.

1600 mopl the Cudgeler (level 8, -1/70 HPs)
             Began as a Minotaur Healer on July 23, 2018.
             Was an Elder of Cheibriados.
             Slain by a goliath beetle (16 damage)
             ... on Level 6 of the Dungeon.
             The game lasted 00:13:23 (5790 turns).

mopl the Cudgeler (Minotaur Healer)                 Turns: 5790, Time: 00:13:23

HP  -1/70        AC 12     Str 26      XL: 8   Next: 62%
MP  10/10        EV  9     Int 18      God: Cheibriados [****..]
Gold 351         SH  0     Dex 21      Spells:  0 memorised,  7 levels left

rFire  . . .     SeeInvis +     L - +0 quarterstaff
rCold  . . .     Clarity  .     F - +0 chain mail
rNeg   . . .     rCorr    .     (no shield)
rPois  .         rRot     .     (helmet restricted)
rElec  .         Spirit   .     j - +0 cloak
SustAb +         Warding  .     e - +0 pair of gloves
rMut   .         Stasis   .     (no boots)
Gourm  .                        y - amulet of faith
MR     .....                    J - ring of sustain abilities
                                G - ring of see invisible

@: very slow, not resistant to hostile enchantments, extremely unstealthy
A: retaliatory headbutt, horns 2, sense surroundings 1
a: Bend Time, Temporal Distortion, Slouch, Renounce Religion


You were on level 6 of the Dungeon.
You worshipped Cheibriados.
Cheibriados was greatly pleased with you.
You were not hungry.

You visited 1 branch of the dungeon, and saw 6 of its levels.

You collected 351 gold pieces.

Inventory:

Hand weapons
 g - a +0 whip
 v - a +0 dagger of venom
 w - a -2 flail
 E - the cursed +3 short sword of Imminent Death {freeze, MR++, unknown}
   (You found it on level 4 of the Dungeon)

   It has been specially enchanted to freeze those struck by it, causing extra
   injury to most foes and up to double damage against particularly susceptible
   opponents.
   It can also slow down cold-blooded creatures.
   It affects your resistance to hostile enchantments.
   It has a curse placed upon it.
 L - a +0 quarterstaff (weapon)
Missiles
 k - 11 tomahawks (quivered)
 u - 7 javelins
 z - 13 poisoned needles
Armour
 e - a +0 pair of gloves (worn)
 j - a +0 cloak (worn)
 l - a +0 buckler
 F - a +0 chain mail (worn)
Magical devices
 A - a wand of hasting (2)
Comestibles
 a - a royal jelly
 d - 6 bread rations
 p - 2 chunks of hobgoblin flesh
 x - 8 fruits
 B - a beef jerky
 D - 2 meat rations
Scrolls
 i - 2 scrolls of recharging {unknown}
 m - 6 scrolls of teleportation
 o - 3 scrolls of amnesia {unknown}
 r - 4 scrolls of remove curse
 s - 2 scrolls of blinking {unknown}
 t - 2 scrolls of random uselessness {unknown}
Jewellery
 h - an uncursed ring of ice
 y - an amulet of faith (around neck)
 C - an uncursed amulet of guardian spirit
 G - a ring of see invisible (left hand)
 J - a ring of sustain abilities (right hand)
Potions
 b - 4 potions of curing
 c - 2 potions of heal wounds
 f - 2 potions of cure mutation
 n - a potion of flight
 q - a potion of lignification
 H - a potion of poison {unknown}
 K - a potion of brilliance {unknown}
Books
 I - a book of Beasts

   Spells                             Type                      Level
   Summon Butterflies                 Summoning                    1
   Call Canine Familiar               Summoning                    3
   Summon Ice Beast                   Ice/Summoning                4
   Summon Mana Viper                  Hexes/Summoning              5
   Monstrous Menagerie                Summoning                    6
   Summon Hydra                       Summoning                    7


   Skills:
 + Level 5.7 Fighting
 * Level 7.2 Maces & Flails
 + Level 4.9 Armour
 + Level 5.4 Dodging
 + Level 5.1 Invocations


You had 7 spell levels left.
You didn't know any spells.

Dungeon Overview and Level Annotations

Branches:
Dungeon (6/15)             Temple (0/1) D:6

Altars:
Cheibriados
Fedhas
Okawaru
Sif Muna

Annotations:
D:4 fly


Innate Abilities, Weirdness & Mutations

You reflexively headbutt those who attack you in melee.
You have a pair of horns on your head.
You passively map a small area around you.


Message History

Okay, then.
Wield which item (- for none, * to show all)? (? for menu, Esc to quit)
L - a +0 quarterstaff (weapon)
You sock the goliath beetle!
The goliath beetle is moderately wounded.
The goliath beetle bites you but does no damage.
You hit the goliath beetle but do no damage.
The goliath beetle is moderately wounded.
You sock the goliath beetle!
You headbutt the goliath beetle, but do no damage.
The goliath beetle is heavily wounded.
The goliath beetle bites you!!
* * * LOW HITPOINT WARNING * * *
You hit the goliath beetle but do no damage.
You headbutt the goliath beetle, but do no damage.
The goliath beetle is heavily wounded.
You hit the goliath beetle.
The goliath beetle is heavily wounded.
The goliath beetle bites you!
You die...

* , ,, , , , * , #### ,
##..###### ≈ ≈≈≈
#....)...#≈≈≈≈≈≈≈≈≈≈
##.(B#####≈≈≈#####≈≈≈
###@### #≈≈≈#...#≈≈≈
#...###≈≈≈#.>.#≈≈≈
###..##≈≈≈#...#≈≈≈
######## #...)#≈≈≈##.##≈≈≈
#......# #....#≈≈≈≈#.#≈≈≈≈
#......# #...##≈≈≈≈#)#≈≈≈≈
#......# #...##≈≈≈≈#)#≈≈≈≈
#.....(###...#######.#####
#........(..........[.....


You could see a goliath beetle.

Vanquished Creatures
  Grinder (D:5)
  Prince Ribbit (D:5)
  A black bear (D:6)
  3 ogres
  A phantom (D:5)
  A centaur (D:6)
  The ghost of dscm the Digger, an average OpEE (D:4)
  3 worker ants
  7 orc wizards
  An iguana (D:4)
  An orc priest (D:4)
  A hound (D:4)
  Terence (D:3)
  3 gnolls (D:5)
  6 adders
  An orc skeleton (D:5)
  A giant mite (D:2)
  4 worms
  An iguana skeleton (D:6)
  4 giant geckos
  2 oozes
  17 orcs
  A ball python (D:3)
  13 bats
  5 giant cockroaches
  11 goblins
  11 hobgoblins
  4 jackals (D:6)
  3 giant newts (D:1)
  A hobgoblin skeleton (D:4)
  12 kobolds
  2 quokkas (D:4)
  13 rats
138 creatures vanquished.

Notes
Turn   | Place    | Note
--------------------------------------------------------------
     0 | D:1      | mopl, the Minotaur Healer, began the quest for the Orb.
     0 | D:1      | Reached XP level 1. HP: 16/16 MP: 1/1
    92 | D:1      | Reached skill level 1 in Armour
   229 | D:1      | Reached XP level 2. HP: 17/23 MP: 1/1
   593 | D:1      | Reached skill level 3 in Invocations
  1149 | D:2      | Found an iron altar of Okawaru.
  1218 | D:2      | Reached skill level 1 in Maces & Flails
  1224 | D:2      | Reached XP level 3. HP: 29/29 MP: 4/4
  1582 | D:2      | Found a snail-covered altar of Cheibriados.
  1600 | D:2      | Fell from the grace of Elyvilon
  1600 | D:2      | Became a worshipper of Cheibriados the Contemplative
  1731 | D:2      | Reached XP level 4. HP: 34/36 MP: 5/5
  2023 | D:1      | Reached XP level 5. HP: 37/42 MP: 5/5
  2444 | D:3      | Noticed Terence
  2455 | D:3      | Killed Terence
  2877 | D:3      | Found a blossoming altar of Fedhas.
  3024 | D:4      | Noticed dscm's ghost (average OpEE)
  3073 | D:4      | Killed dscm's ghost
  3073 | D:4      | Reached skill level 4 in Maces & Flails
  3073 | D:4      | Reached XP level 6. HP: 30/51 MP: 7/7
  3284 | D:4      | Found a deep blue altar of Sif Muna.
  3322 | D:4      | Noticed an ogre
  3326 | D:4      | Killed an ogre
  3381 | D:4      | Reached XP level 7. HP: 43/58 MP: 8/8
  3655 | D:4      | Got a shimmering short sword
  4376 | D:5      | Entered Level 5 of the Dungeon
  4376 | D:5      | Noticed Prince Ribbit
  4385 | D:5      | Killed Prince Ribbit
  4385 | D:5      | Reached skill level 5 in Maces & Flails
  4438 | D:5      | Gained mutation: You passively map a small area around you. [potion of beneficial mutation]
  4660 | D:5      | Noticed Grinder
  4662 | D:5      | Paralysed by Grinder for 4 turns
  4675 | D:5      | Killed Grinder
  4675 | D:5      | Reached skill level 6 in Maces & Flails
  4675 | D:5      | Reached XP level 8. HP: 67/67 MP: 9/9
  4861 | D:5      | Acquired Cheibriados' first power
  5053 | D:5      | Reached skill level 5 in Fighting
  5073 | D:5      | Reached skill level 5 in Dodging
  5576 | D:6      | Found a staircase to the Ecumenical Temple.
  5661 | D:6      | Acquired Cheibriados' second power
  5667 | D:6      | Reached skill level 7 in Maces & Flails
  5667 | D:6      | Reached skill level 5 in Invocations
  5790 | D:6      | Slain by a goliath beetle

Action                   |  1- 3 |  4- 6 |  7- 9 || total
-------------------------+-------+-------+-------++-------
Melee: Unarmed           |    26 |       |       ||    26
       Whip              |    91 |   190 |   199 ||   480
       Flail             |       |     6 |       ||     6
       Quarterstaff      |       |       |     5 ||     5
Invok: Purification      |     1 |       |       ||     1
  Use: Potion            |     1 |       |     1 ||     2
       Scroll            |       |     5 |     3 ||     8
  Eat: Chunk             |     2 |     6 |     5 ||    13
